ORI
OREGON STATE UNIVERSITY BEAVERS @ REDLANDS EAST VALLEY WILDCATS
11/26/2049
 
TOP OF THE 1ST
Oregon State University Beavers batting - Pitching for University of Maine Black Bears : RHP Daniel Graves
Pitching: RHP Daniel Graves
Batting: SHB Eric Robertson 0-0: Called Strike
0-1: Ball
1-1: Foul Ball, location: 2F
1-2: Ball
2-2: Fly out, F9 (Flyball, 9LMF, EV 108.8 MPH)
Batting: LHB Pablo Fraga 0-0: Called Strike
0-1: Ball
1-1: Foul Ball, location: 2F
1-2: Ball
2-2: Foul Ball, location: 2F
2-2: Ball
3-2: Strikes out looking
Batting: RHB Steve Webb 0-0: Foul Ball, location: 2F
0-1: Swinging Strike
0-2: Ground out 1-3 (Groundball, 15S, EV 66.2 MPH)
Top of the 1st over - 0 runs, 0 hits, 0 errors, 0 left on base; Oregon State University 0 - University of Maine 0
BOTTOM OF THE 1ST
University of Maine Black Bears batting - Pitching for Oregon State University Beavers : RHP Devon Davis
Pitching: RHP Devon Davis
Batting: RHB Frank Gould 0-0: Ball
1-0: Called Strike
1-1: Ball
2-1: Foul Ball, location: 2F
2-2: Ball
3-2: Ground out 5-3 (Groundball, 15, EV 85.0 MPH)
Batting: SHB Ron Handford 0-0: Called Strike
0-1: Ball
1-1: Foul Ball, location: 2F
1-2: Fly out, F7 (Flyball, 7, EV 83.8 MPH)
Batting: RHB Dave MacAulay 0-0: Called Strike
0-1: Ball
1-1: Foul Ball, location: 2F
1-2: Ball
2-2: Strikes out swinging
Bottom of the 1st over - 0 runs, 0 hits, 0 errors, 0 left on base; Oregon State University 0 - University of Maine 0
TOP OF THE 2ND
Oregon State University Beavers batting - Pitching for University of Maine Black Bears : RHP Daniel Graves
Batting: RHB Martin Darrington 0-0: Ball
1-0: SINGLE (Groundball, 6MD, EV 110.6 MPH)
Batting: LHB Jon Hamilton 0-0: Ball
1-0: Swinging Strike
1-1: Called Strike
1-2: Strikes out swinging
Batting: RHB Israel Soto 0-0: Ball
1-0: Ball
2-0: Called Strike
2-1: Ball
3-1: Fly out, F9 (Flyball, 89D, EV 83.1 MPH)
Batting: LHB Brock Darby 0-0: Ball
1-0: Called Strike
1-1: Ball
2-1: Foul Ball, location: 2F
2-2: Strikes out swinging
Top of the 2nd over - 0 runs, 1 hit, 0 errors, 1 left on base; Oregon State University 0 - University of Maine 0
BOTTOM OF THE 2ND
University of Maine Black Bears batting - Pitching for Oregon State University Beavers : RHP Devon Davis
Batting: LHB John Bergeron 0-0: Ground out 4-3 (Groundball, 4, EV 87.5 MPH)
Batting: RHB Rewa Havika 0-0: Called Strike
0-1: Foul Ball, location: 2F
0-2: Ball
1-2: Strikes out swinging
Batting: RHB Geoffrey Gonzalez 0-0: Called Strike
0-1: Ball
1-1: Ball
2-1: Called Strike
2-2: Strikes out swinging
Bottom of the 2nd over - 0 runs, 0 hits, 0 errors, 0 left on base; Oregon State University 0 - University of Maine 0
TOP OF THE 3RD
Oregon State University Beavers batting - Pitching for University of Maine Black Bears : RHP Daniel Graves
Batting: SHB Chris Gartner 0-0: Foul Ball, location: 2F
0-1: Foul Ball, location: 2F
0-2: Foul Ball, location: 2F
0-2: Ball
1-2: Ball
2-2: Ball
3-2: Foul Ball, location: 2F
3-2: Ground out 4-3 (Groundball, 4, EV 88.1 MPH)
Batting: SHB Sosaia Apelahama 0-0: Ball
1-0: Foul Ball, location: 2F
1-1: Ground out 4-3 (Groundball, 4, EV 83.8 MPH)
Batting: SHB Eric Robertson 0-0: Ball
1-0: Ball
2-0: Ball
3-0: Called Strike
3-1: SINGLE (Groundball, 6MS, EV 88.1 MPH) (infield hit)
Batting: LHB Pablo Fraga 0-0: Reached on error, E4 (Groundball, 4S, EV 83.8 MPH)
Eric Robertson to third
Batting: RHB Steve Webb 0-0: Called Strike
0-1: Ball
1-1: Called Strike
1-2: Ball
2-2: Strikes out swinging
Top of the 3rd over - 0 runs, 1 hit, 1 error, 2 left on base; Oregon State University 0 - University of Maine 0
BOTTOM OF THE 3RD
University of Maine Black Bears batting - Pitching for Oregon State University Beavers : RHP Devon Davis
Batting: RHB Justin Degon 0-0: Foul Ball, location: 2F
0-1: Fly out, F3 (Line Drive, 3, EV 60.6 MPH)
Batting: RHB Wang Huan 0-0: Swinging Strike
0-1: Swinging Strike
0-2: Ball
1-2: DOUBLE (Groundball, 5L, EV 101.9 MPH)
Batting: RHB Bryan Douglas 0-0: Ball
1-0: Called Strike
1-1: Ball
2-1: Swinging Strike
2-2: Strikes out swinging
Batting: RHB Frank Gould 0-0: Foul Ball, location: 2F
0-1: Called Strike
0-2: Ball
1-2: Foul Ball, location: 2F
1-2: Ground out 5-3 (Groundball, 56S, EV 71.2 MPH)
Bottom of the 3rd over - 0 runs, 1 hit, 0 errors, 1 left on base; Oregon State University 0 - University of Maine 0
TOP OF THE 4TH
Oregon State University Beavers batting - Pitching for University of Maine Black Bears : RHP Daniel Graves
Batting: RHB Martin Darrington 0-0: Ball
1-0: Called Strike
1-1: Ball
2-1: Swinging Strike
2-2: Foul Ball, location: 2F
2-2: Strikes out swinging
Batting: LHB Jon Hamilton 0-0: Called Strike
0-1: Foul Ball, location: 2F
0-2: Strikes out swinging
Batting: RHB Israel Soto 0-0: Ball
1-0: Called Strike
1-1: Foul Ball, location: 2F
1-2: Ball
2-2: Ball
3-2: Ground out 6-3 (Groundball, 6S, EV 86.9 MPH)
Top of the 4th over - 0 runs, 0 hits, 0 errors, 0 left on base; Oregon State University 0 - University of Maine 0
BOTTOM OF THE 4TH
University of Maine Black Bears batting - Pitching for Oregon State University Beavers : RHP Devon Davis
Batting: SHB Ron Handford 0-0: Ball
1-0: Foul Ball, location: 2F
1-1: Foul Ball, location: 2F
1-2: Strikes out swinging
Batting: RHB Dave MacAulay 0-0: Ball
1-0: Ground out 6-3 (Groundball, 6, EV 105.0 MPH)
Batting: LHB John Bergeron 0-0: Ball
1-0: Ball
2-0: Called Strike
2-1: Foul Ball, location: 2F
2-2: Ball
3-2: Ground out 6-3 (Groundball, 6, EV 105.0 MPH)
Bottom of the 4th over - 0 runs, 0 hits, 0 errors, 0 left on base; Oregon State University 0 - University of Maine 0
TOP OF THE 5TH
Oregon State University Beavers batting - Pitching for University of Maine Black Bears : RHP Daniel Graves
Batting: LHB Brock Darby 0-0: Called Strike
0-1: Swinging Strike
0-2: Ball
1-2: Ball
2-2: Strikes out swinging
Batting: SHB Chris Gartner 0-0: Swinging Strike
0-1: Ball
1-1: Ground out 4-3 (Groundball, 4, EV 82.5 MPH)
Batting: SHB Sosaia Apelahama 0-0: Called Strike
0-1: Called Strike
0-2: Ball
1-2: Foul Ball, location: 2F
1-2: Foul Ball, location: 2F
1-2: Foul Ball, location: 2F
1-2: SINGLE (Groundball, 56, EV 105.0 MPH)
Pitching: LHP Garrett Strobel
Batting: SHB Eric Robertson 0-0: Ball
1-0: Foul Ball, location: 2F
1-1: Ball
2-1: Foul Ball, location: 2F
2-2: Strikes out looking
Top of the 5th over - 0 runs, 1 hit, 0 errors, 1 left on base; Oregon State University 0 - University of Maine 0
BOTTOM OF THE 5TH
University of Maine Black Bears batting - Pitching for Oregon State University Beavers : RHP Devon Davis
Batting: RHB Rewa Havika 0-0: Ball
1-0: Ground out 6-3 (Groundball, 6, EV 101.9 MPH)
Batting: RHB Geoffrey Gonzalez 0-0: Ball
1-0: Ball
2-0: Ball
3-0: Base on Balls
Batting: RHB Justin Degon 0-0: SINGLE (Groundball, 25, EV 75.0 MPH) (infield hit)
Geoffrey Gonzalez to second
Batting: RHB Wang Huan 0-0: Ball
1-0: Fielders Choice at 2nd, 4-6 (Groundball, 34, EV 88.1 MPH)
Geoffrey Gonzalez to third
Batting: RHB Bryan Douglas 0-0: Called Strike
0-1: Called Strike
0-2: Strikes out swinging
Bottom of the 5th over - 0 runs, 1 hit, 0 errors, 2 left on base; Oregon State University 0 - University of Maine 0
TOP OF THE 6TH
Oregon State University Beavers batting - Pitching for University of Maine Black Bears : LHP Garrett Strobel
Batting: LHB Pablo Fraga 0-0: Foul Ball, location: 2F
0-1: Ball
1-1: Swinging Strike
1-2: Strikes out looking
Batting: RHB Steve Webb 0-0: Ball
1-0: Fly out, F9 (Flyball, 89M, EV 86.2 MPH)
Batting: RHB Martin Darrington 0-0: Called Strike
0-1: Ball
1-1: Foul Ball, location: 2F
1-2: Strikes out swinging
Top of the 6th over - 0 runs, 0 hits, 0 errors, 0 left on base; Oregon State University 0 - University of Maine 0
BOTTOM OF THE 6TH
University of Maine Black Bears batting - Pitching for Oregon State University Beavers : RHP Devon Davis
Batting: RHB Frank Gould 0-0: Ball
1-0: Ball
2-0: Ball
3-0: Base on Balls
Batting: SHB Ron Handford 0-0: Fly out, F8 (Flyball, 8LM, EV 83.8 MPH)
Batting: RHB Dave MacAulay 0-0: Called Strike
Frank Gould steals 2nd base
0-1: Foul Ball, location: 2F
0-2: Ball
1-2: Ground out 4-3 (Groundball, 4, EV 96.2 MPH)
Frank Gould to third
Batting: LHB John Bergeron 0-0: Fly out, F8 (Flyball, 89M, EV 78.1 MPH)
Bottom of the 6th over - 0 runs, 0 hits, 0 errors, 1 left on base; Oregon State University 0 - University of Maine 0
TOP OF THE 7TH
Oregon State University Beavers batting - Pitching for University of Maine Black Bears : LHP Garrett Strobel
Pinch Hitting: LHB Fred Bal 0-0: Called Strike
0-1: Ball
1-1: Ground out 3-1 (Groundball, 34, EV 86.9 MPH)
Batting: RHB Israel Soto 0-0: Ball
1-0: Foul Ball, location: 2F
1-1: Foul Ball, location: 2F
1-2: Ball
2-2: Foul Ball, location: 2F
2-2: Ground out U3 (Groundball, 3, EV 90.0 MPH)
Batting: LHB Brock Darby 0-0: Ground out 6-3 (Groundball, 6, EV 82.5 MPH)
Top of the 7th over - 0 runs, 0 hits, 0 errors, 0 left on base; Oregon State University 0 - University of Maine 0
BOTTOM OF THE 7TH
University of Maine Black Bears batting - Pitching for Oregon State University Beavers : RHP Devon Davis
Now in RF: Fred Bal
Batting: RHB Rewa Havika 0-0: Ball
1-0: Called Strike
1-1: Called Strike
1-2: Strikes out swinging
Batting: RHB Geoffrey Gonzalez 0-0: Ball
1-0: Ball
2-0: Ground out 6-3 (Groundball, 6S, EV 80.6 MPH)
Batting: RHB Justin Degon 0-0: Ball
1-0: Called Strike
1-1: Called Strike
1-2: Ball
2-2: Ball
3-2: Strikes out swinging
Bottom of the 7th over - 0 runs, 0 hits, 0 errors, 0 left on base; Oregon State University 0 - University of Maine 0
TOP OF THE 8TH
Oregon State University Beavers batting - Pitching for University of Maine Black Bears : LHP Garrett Strobel
Batting: SHB Chris Gartner 0-0: Ball
1-0: Ball
2-0: Called Strike
2-1: SINGLE (Groundball, 56S, EV 68.8 MPH) (infield hit)
Batting: SHB Sosaia Apelahama 0-0: Ball
1-0: Bunt missed!
1-1: Bunted foul
1-2: Fielders Choice at 2nd, 4-6 (Groundball, 4, EV 79.4 MPH)
Batting: SHB Eric Robertson 0-0: Ball
1-0: Ball
2-0: Called Strike
2-1: Ball
Wild Pitch!
Sosaia Apelahama to second
3-1: Base on Balls
Batting: LHB Pablo Fraga 0-0: Ball
1-0: Ball
2-0: Ball
3-0: Base on Balls
Sosaia Apelahama to third
Eric Robertson to second
Pitching: RHP Abera Koude
Batting: RHB Steve Webb 0-0: Ball
1-0: Called Strike
1-1: Foul Ball, location: 2F
1-2: Strikes out swinging
Batting: RHB Martin Darrington 0-0: Foul Ball, location: 2F
0-1: Ball
1-1: Fly out, F8 (Line Drive, 78M, EV 88.1 MPH)
Top of the 8th over - 0 runs, 1 hit, 0 errors, 3 left on base; Oregon State University 0 - University of Maine 0
BOTTOM OF THE 8TH
University of Maine Black Bears batting - Pitching for Oregon State University Beavers : RHP Devon Davis
Batting: RHB Wang Huan 0-0: Called Strike
0-1: Ball
1-1: Swinging Strike
1-2: Fly out, F3 (Popup, 34S, EV 62.5 MPH)
Pinch Hitting: LHB John Knox 0-0: Foul Ball, location: 2F
0-1: Ground out 6-3 (Groundball, 6D, EV 103.8 MPH)
Batting: RHB Frank Gould 0-0: Called Strike
0-1: Swinging Strike
0-2: Ball
1-2: Ball
2-2: Ball
3-2: Strikes out swinging
Bottom of the 8th over - 0 runs, 0 hits, 0 errors, 0 left on base; Oregon State University 0 - University of Maine 0
TOP OF THE 9TH
Oregon State University Beavers batting - Pitching for University of Maine Black Bears : RHP Abera Koude
Now at 1B: Ed Leighton
Batting: LHB Fred Bal 0-0: Called Strike
0-1: Ball
1-1: Foul Ball, location: 2F
1-2: Fly out, F6 (Line Drive, 56, EV 66.2 MPH)
Pinch Hitting: RHB Oscar Munoz 0-0: Ball
1-0: Ball
2-0: Foul Ball, location: 2F
2-1: Foul Ball, location: 2F
2-2: Ball
3-2: SINGLE (Groundball, 3D, EV 102.5 MPH)
Batting: LHB Brock Darby 0-0: Called Strike
0-1: Ball
1-1: Fly out, F7 (Flyball, 7D, EV 90.0 MPH)
Batting: SHB Chris Gartner 0-0: Ball
1-0: Called Strike
1-1: Swinging Strike
1-2: Ball
2-2: Foul Ball, location: 2F
2-2: Ground out 1-3 (Groundball, 15S, EV 70.6 MPH)
Top of the 9th over - 0 runs, 1 hit, 0 errors, 1 left on base; Oregon State University 0 - University of Maine 0
BOTTOM OF THE 9TH
University of Maine Black Bears batting - Pitching for Oregon State University Beavers : RHP Devon Davis
Now at C: Oscar Munoz
Pinch Hitting: RHB Julio Villanueva 0-0: Ball
1-0: Called Strike
1-1: Ball
2-1: Ground out 6-3 (Groundball, 6MS, EV 89.4 MPH)
Pitching: RHP Cody Alcaraz
Batting: RHB Dave MacAulay 0-0: Called Strike
0-1: SOLO HOME RUN (Flyball, 7LD, EV 93.8 MPH), Distance : 354 ft
Bottom of the 9th over - 1 run, 1 hit, 0 errors, 0 left on base; Oregon State University 0 - University of Maine 1
Sunday, July 16th , 2023 - OOTP Baseball 24.6 Build 69